Hurricanes vs Devils

Created - Wednesday, December 24, 2014 at 00:19

Goals
1 2 3 T
Hurricanes 0 2 1 3
Devils 1 0 0 1
Shots
1 2 3 T
Hurricanes 9 14 2 25
Devils 10 10 6 26

1st period

1. Devils , Brent Seabrook 5 (Mark Stuart, Patrik Berglund) at 15:02 (PP)

Penalties :
Jason Akeson (NJD) for Tripping (Minor) at 6:26, Nate Prosser (Car) for Tripping (Minor) at 13:52, Stephen Gionta (Car) for Roughing (Double Minor) at 16:35

2nd period

2. Hurricanes , Loui Eriksson 7 (Marian Gaborik, Thomas Hickey) at 5:23
3. Hurricanes , Jiri Hudler 14 (Dan Girardi, Radim Vrbata) at 6:48 (PP)

Penalties :
Grant Clitsome (NJD) for Holding (Minor) at 6:03, Mark Stuart (NJD) for Cross-checking (Minor) at 11:03

3rd period

4. Hurricanes , Stephen Gionta 4 (Dainius Zubrus) at 19:35 (Empty Net)

Penalties :
Aaron Ness (Car) for Roughing (Minor) at 0:44, Mark Stuart (NJD) for Hooking (Minor) at 19:44

Goalie Stats

Brian Elliott (Car), 25 saves from 26 shots - (0.962), W, 24-3-1, 60:00 minutes
Jimmy Howard (NJD), 22 saves from 24 shots - (0.917), L, 11-12-5, 59:44 minutes

Players Stats for Hurricanes

Player Name              G  A  P  +/- PIM S  H  SB GA TA FO     MP     PP MP  PK MP  
------------------------------------------------------------------------------------
Aaron Ness               0  0  0   0  2   0  3  2  0  0  0/0    18:52   2:23   0:00 
Brian Flynn              0  0  0   1  0   0  1  0  1  0  0/0    14:15   0:00   3:48 
Dainius Zubrus           0  1  1   1  0   0  1  1  1  1  0/0    15:47   0:00   3:20 
Dan Girardi              0  1  1   0  0   3  1  2  0  1  0/0    21:20   2:23   2:39 
Francois Beauchemin      0  0  0   2  0   7  2  2  1  3  0/0    24:27   2:35   5:39 
Jiri Hudler              1  0  1   0  0   1  4  1  3  0  1/1    15:50   3:12   0:00 
Loui Eriksson            1  0  1   1  0   2  0  0  1  0  0/0    14:35   1:46   0:00 
Marian Gaborik           0  1  1   1  0   0  0  0  4  0  1/1    14:35   1:46   0:00 
Mark Arcobello           0  0  0   0  0   0  0  1  2  0  5/10   15:20   0:00   3:20 
Marty Havlat             0  0  0   0  0   1  0  0  2  0  0/0    11:48   0:00   0:00 
Mike Fisher              0  0  0   1  0   1  4  0  3  1  9/12   16:51   1:46   2:12 
Mikhail Grabovski        0  0  0   0  0   0  2  0  1  0  7/12   15:50   3:12   0:00 
Nate Prosser             0  0  0   0  2   1  1  2  0  2  0/0    16:51   0:00   1:29 
Peter Harrold            0  0  0   1  0   0  1  1  0  1  0/0    15:50   0:00   0:00 
Radim Vrbata             0  1  1   0  0   1  3  1  2  0  1/1    15:50   3:12   0:00 
Stephen Gionta           1  0  1   1  4   3  2  0  0  2  5/8    12:02   0:00   1:36 
Thomas Hickey            0  1  1   1  0   3  0  4  0  4  0/0    22:50   2:35   4:29 
Viktor Stalberg          0  0  0   0  0   2  4  0  1  0  0/0     9:56   0:00   0:00 

Players Stats for Devils

Player Name              G  A  P  +/- PIM S  H  SB GA TA FO     MP     PP MP  PK MP  
------------------------------------------------------------------------------------
Adam Burish              0  0  0   0  0   0  2  1  0  2  2/6    13:54   0:00   0:38 
Alex Tanguay             0  0  0   0  0   2  2  0  1  0  0/0    13:54   0:00   0:38 
Brent Seabrook           1  0  1  -2  0   1  2  1  1  4  0/0    22:01   2:20   3:18 
Chris Mueller            0  0  0  -1  0   3  2  0  0  0  0/0    10:07   0:00   0:00 
David Warsofsky          0  0  0   0  0   0  0  0  0  1  0/0    14:08   0:00   0:00 
Drew Stafford            0  0  0  -1  0   2  0  2  6  1  2/8    20:13   4:13   3:51 
Grant Clitsome           0  0  0  -1  2   1  1  1  0  1  0/0    26:56   4:48   1:38 
Jamie McGinn             0  0  0   0  0   0  1  0  1  1  0/0    11:27   0:00   0:00 
Jason Akeson             0  0  0  -1  2   0  0  0  0  0  6/14   16:46   4:13   0:00 
Jay Beagle               0  0  0  -1  0   3  3  0  0  0  2/8    14:26   2:55   0:29 
Kris Versteeg            0  0  0  -1  0   2  0  0  1  0  0/1    10:07   0:00   0:00 
Mark Stuart              0  1  1   0  4   2  0  4  1  2  0/0    27:01   2:20   1:25 
Martin Erat              0  0  0  -1  0   1  0  0  1  1  0/0    12:00   0:00   0:00 
Matt Irwin               0  0  0  -1  0   1  1  1  0  0  0/0     7:46   0:00   0:00 
Patrik Berglund          0  1  1   0  0   2  1  0  3  0  4/8    18:13   2:55   3:51 
Ryan Jones               0  0  0   0  0   5  1  0  4  0  0/0    15:49   4:13   0:00 
Tim Gleason              0  0  0   0  0   0  0  1  0  1  0/0    22:35   4:48   3:35 
Ville Leino              0  0  0   0  0   1  0  0  2  0  0/0    17:35   2:55   0:29 

3 Stars

1 - Brian Elliott (Car)
2 - Jiri Hudler (Car)
3 - Loui Eriksson (Car)

Power Play

Hurricanes - 1 on 4 Attempt(s) - 25.00%
Devils - 1 on 4 Attempt(s) - 25.00%

Penalty Kill

Hurricanes - 3 on 4 Attempt(s) - 75.00% - Score 0 goal in Penalty Kill
Devils - 3 on 4 Attempt(s) - 75.00% - Score 0 goal in Penalty Kill

Official

Referees : Unknown
Linesman : Unknown

Game Notes

Stephen Gionta has scored in a empty net!

Finance

Level 1 -- Attendance: 5503 (91.72%) -- Ticket Income $412,725
Level 2 -- Attendance: 3317 (66.34%) -- Ticket Income $199,020
Level 3 -- Attendance: 1474 (73.70%) -- Ticket Income $51,590
Level 4 -- Attendance: 2224 (55.60%) -- Ticket Income $55,600
Luxury Box -- Attendance: 1000 (100.00%) -- Ticket Income $160,000
Game was played at the Continental Airlines Arena
Total Attendance: 13518 (75.10%)
Total Ticket Income: $878,935
Other Income: $430,678
Total Income: $1,309,613

Hurricanes

5 vs 5 Forward 
   Center                   Left Wing                Right Wing               Time % Phy DF OF 
 1 Mike Fisher              Loui Eriksson            Marian Gaborik           28     0   2  3  
 2 Mikhail Grabovski        Jiri Hudler              Radim Vrbata             27     0   2  3  
 3 Mark Arcobello           Dainius Zubrus           Marty Havlat             25     0   2  3  
 4 Stephen Gionta           Viktor Stalberg          Brian Flynn              20     0   2  3  

5 vs 5 Defense 
   Defense                  Defense                                           Time % Phy DF OF 
 1 Francois Beauchemin      Thomas Hickey                                     35     0   2  3  
 2 Dan Girardi              Aaron Ness                                        35     0   2  3  
 3 Peter Harrold            Nate Prosser                                      30     1   2  2  
 4 Francois Beauchemin      Thomas Hickey                                     0      0   2  3  

PowerPlay Forward 
   Center                   Left Wing                Right Wing               Time % Phy DF OF 
 1 Mike Fisher              Loui Eriksson            Marian Gaborik           50     0   1  4  
 2 Mikhail Grabovski        Jiri Hudler              Radim Vrbata             50     0   1  4  

PowerPlay Defense
   Defense                  Defense                                           Time % Phy DF OF 
 1 Francois Beauchemin      Thomas Hickey                                     50     0   1  4  
 2 Dan Girardi              Aaron Ness                                        50     0   1  4  

Penalty Kill 4 Players Forward 
   Center                   Wing                     Time % Phy DF OF 
 1 Stephen Gionta           Brian Flynn              50     0   4  1  
 2 Mark Arcobello           Dainius Zubrus           50     0   4  1  

Penalty Kill 4 Players Defense
   Defense                  Defense                  Time % Phy DF OF 
 1 Dan Girardi              Nate Prosser             50     1   4  0  
 2 Francois Beauchemin      Thomas Hickey            50     1   4  0  

Penalty Kill - 3 Players Forward 
   Forward                                           Time % Phy DF OF 
 1 Stephen Gionta                                    50     0   5  0  
 2 Mark Arcobello                                    50     0   5  0  

Penalty Kill - 3 Players Defense
   Defense                  Defense                  Time % Phy DF OF 
 1 Dan Girardi              Nate Prosser             50     1   4  0  
 2 Francois Beauchemin      Thomas Hickey            50     1   4  0  

4 vs 4 Forward 
   Center                   Wing                     Time % Phy DF OF 
 1 Mike Fisher              Marian Gaborik           50     0   2  3  
 2 Mikhail Grabovski        Radim Vrbata             50     0   2  3  

4 vs 4 Defense
   Defense                  Defense                  Time % Phy DF OF 
 1 Francois Beauchemin      Thomas Hickey            50     0   2  3  
 2 Dan Girardi              Aaron Ness               50     0   2  3  

Last Minutes Offensive
   Center                   Left Wing                Right Wing               Defense                  Defense                  
   Mike Fisher              Marian Gaborik           Radim Vrbata             Francois Beauchemin      Thomas Hickey            

Last Minutes Defensive
   Center                   Left Wing                Right Wing               Defense                  Defense                  
   Stephen Gionta           Dainius Zubrus           Brian Flynn              Peter Harrold            Francois Beauchemin      

Goaltenders
Starting : Brian Elliott            
Backup : Michal Neuvirth          

Extra Forwards
Normal : Mike Fisher, Radim Vrbata, Marian Gaborik - PP : Marian Gaborik, Radim Vrbata - PK : Stephen Gionta
Extra Defensemen
Normal : Dan Girardi, Thomas Hickey, Aaron Ness - PP : Dan Girardi - PK : Francois Beauchemin, Dan Girardi
Penalty Shots
Radim Vrbata, Marian Gaborik, Jiri Hudler, Mikhail Grabovski, Marty Havlat

Devils

5 vs 5 Forward 
   Center                   Left Wing                Right Wing               Time % Phy DF OF 
 1 Jason Akeson             Ryan Jones               Drew Stafford            31     0   2  3  
 2 Patrik Berglund          Jamie McGinn             Martin Erat              28     0   2  3  
 3 Adam Burish              Ville Leino              Alex Tanguay             25     2   2  1  
 4 Jay Beagle               Kris Versteeg            Chris Mueller            16     2   2  1  

5 vs 5 Defense 
   Defense                  Defense                                           Time % Phy DF OF 
 1 David Warsofsky          Mark Stuart                                       33     1   3  1  
 2 Grant Clitsome           Brent Seabrook                                    33     0   2  3  
 3 Tim Gleason              Mark Stuart                                       33     2   2  1  
 4 Grant Clitsome           Matt Irwin                                        1      1   2  2  

PowerPlay Forward 
   Center                   Left Wing                Right Wing               Time % Phy DF OF 
 1 Jason Akeson             Ryan Jones               Drew Stafford            60     0   0  5  
 2 Jay Beagle               Ville Leino              Patrik Berglund          40     0   0  5  

PowerPlay Defense
   Defense                  Defense                                           Time % Phy DF OF 
 1 Tim Gleason              Grant Clitsome                                    60     0   2  3  
 2 Brent Seabrook           Mark Stuart                                       40     0   2  3  

Penalty Kill 4 Players Forward 
   Center                   Wing                     Time % Phy DF OF 
 1 Drew Stafford            Patrik Berglund          60     0   4  1  
 2 Jay Beagle               Ville Leino              40     0   4  1  

Penalty Kill 4 Players Defense
   Defense                  Defense                  Time % Phy DF OF 
 1 Mark Stuart              Grant Clitsome           60     1   4  0  
 2 Brent Seabrook           Tim Gleason              40     1   4  0  

Penalty Kill - 3 Players Forward 
   Forward                                           Time % Phy DF OF 
 1 Jay Beagle                                        60     0   5  0  
 2 Drew Stafford                                     40     0   5  0  

Penalty Kill - 3 Players Defense
   Defense                  Defense                  Time % Phy DF OF 
 1 Mark Stuart              David Warsofsky          60     0   5  0  
 2 Brent Seabrook           Tim Gleason              40     0   5  0  

4 vs 4 Forward 
   Center                   Wing                     Time % Phy DF OF 
 1 Jay Beagle               Ville Leino              60     1   2  2  
 2 Patrik Berglund          Drew Stafford            40     1   2  2  

4 vs 4 Defense
   Defense                  Defense                  Time % Phy DF OF 
 1 Brent Seabrook           Tim Gleason              60     1   2  2  
 2 Mark Stuart              Grant Clitsome           40     1   2  2  

Last Minutes Offensive
   Center                   Left Wing                Right Wing               Defense                  Defense                  
   Jason Akeson             Martin Erat              Drew Stafford            David Warsofsky          Brent Seabrook           

Last Minutes Defensive
   Center                   Left Wing                Right Wing               Defense                  Defense                  
   Jason Akeson             Jamie McGinn             Alex Tanguay             Brent Seabrook           David Warsofsky          

Goaltenders
Starting : Jimmy Howard             
Backup : Thomas Greiss            

Extra Forwards
Normal : Adam Burish, Drew Stafford, Jay Beagle - PP : Drew Stafford, Ville Leino - PK : Drew Stafford
Extra Defensemen
Normal : Brent Seabrook, Mark Stuart, Tim Gleason - PP : Mark Stuart - PK : Mark Stuart, Tim Gleason
Penalty Shots
Drew Stafford, Ville Leino, Ryan Jones, Jay Beagle, Patrik Berglund

% Time on Ice - Hurricanes

Lines # - Real PCT - Wanted PCT - Time Play
Normal Forward
1 - 27% - 28% - 12:53
2 - 27% - 27% - 12:50
3 - 25% - 25% - 11:48
4 - 21% - 20% - 9:56
Normal Defense
1 - 32% - 35% - 15:08
2 - 35% - 35% - 16:34
3 - 32% - 30% - 15:23
4 - 1% - 0% - 0:22
PP Forward
1 - 36% - 50% - 1:46
2 - 64% - 50% - 3:12
PP Defense
1 - 52% - 50% - 2:35
2 - 48% - 50% - 2:23
PK Forward
1 - 53% - 50% - 3:48
2 - 47% - 50% - 3:20
PK Defense
1 - 37% - 50% - 2:39
2 - 63% - 50% - 4:29
PK3 Forward
1 - 0% - 50%
2 - 0% - 50%
PK3 Defense
1 - 0% - 50%
2 - 0% - 50%
44 Forward
1 - 0% - 50%
2 - 0% - 50%
44 Defense
1 - 0% - 50%
2 - 0% - 50%
Last Minute Offensive  - 0:00
Last Minute Defensive  - 0:27
Total
Forward - 60:00
Defense - 60:00

% Time on Ice - Devils

Lines # - Real PCT - Wanted PCT - Time Play
Normal Forward
1 - 24% - 31% - 11:36
2 - 26% - 28% - 12:22
3 - 28% - 25% - 13:16
4 - 21% - 16% - 10:07
Normal Defense
1 - 32% - 33% - 15:11
2 - 29% - 33% - 13:45
3 - 26% - 33% - 12:07
4 - 13% - 1% - 6:18
PP Forward
1 - 59% - 60% - 4:13
2 - 41% - 40% - 2:55
PP Defense
1 - 67% - 60% - 4:48
2 - 33% - 40% - 2:20
PK Forward
1 - 90% - 60% - 4:29
2 - 10% - 40% - 0:29
PK Defense
1 - 48% - 60% - 2:23
2 - 52% - 40% - 2:35
PK3 Forward
1 - 0% - 60%
2 - 0% - 40%
PK3 Defense
1 - 0% - 60%
2 - 0% - 40%
44 Forward
1 - 0% - 60%
2 - 0% - 40%
44 Defense
1 - 0% - 60%
2 - 0% - 40%
Last Minute Offensive  - 0:33
Last Minute Defensive  - 0:00
Total
Forward - 60:00
Defense - 60:00

Play by Play

1st period


0:01 of 1st period - Mike Fisher wins face-off versus Jason Akeson in neutral zone.
0:04 of 1st period - Snap shot by Francois Beauchemin.
0:04 of 1st period - Deflect By Drew Stafford.
0:04 of 1st period - Stopped by Jimmy Howard with a rebound.
1:17 of 1st period - Grant Clitsome is hit by Jiri Hudler and loses puck.
2:11 of 1st period - Ville Leino is hit by Viktor Stalberg and loses puck.
3:13 of 1st period - Adam Burish is hit by Mike Fisher.
3:47 of 1st period - Wrist shot by Chris Mueller.
3:47 of 1st period - Stopped by Brian Elliott with a rebound.
3:53 of 1st period - Tim Gleason is hit by Jiri Hudler and loses puck.
4:18 of 1st period - Wrist shot by Mark Arcobello.
4:18 of 1st period - Shot Blocked by Tim Gleason.
4:22 of 1st period - Slapshot by Marty Havlat.
4:22 of 1st period - Shot Misses the Net.
4:24 of 1st period - Backhand shot by Thomas Hickey.
4:24 of 1st period - Stopped by Jimmy Howard with a rebound.
4:26 of 1st period - Slapshot by Francois Beauchemin.
4:26 of 1st period - Deflect By Kris Versteeg.
4:26 of 1st period - Stopped by Jimmy Howard with a rebound.
4:28 of 1st period - Slapshot by Francois Beauchemin.
4:28 of 1st period - Shot Misses the Net.
4:30 of 1st period - Slapshot by Francois Beauchemin.
4:30 of 1st period - Shot Blocked by Mark Stuart.
5:36 of 1st period - Slapshot by Brent Seabrook.
5:36 of 1st period - Deflect By Drew Stafford.
5:36 of 1st period - Shot Misses the Net.
5:36 of 1st period - Puck is out of play.
5:37 of 1st period - Marian Gaborik wins face-off versus Patrik Berglund in Hurricanes zone.
5:37 of 1st period - Marian Gaborik is hit by Brent Seabrook.
5:58 of 1st period - Slapshot by Grant Clitsome.
5:58 of 1st period - Deflect By Loui Eriksson.
5:58 of 1st period - Stopped by Brian Elliott with a rebound.
6:26 of 1st period - Minor Penalty to Jason Akeson for Tripping.
6:27 of 1st period - Drew Stafford wins face-off versus Mikhail Grabovski in Devils zone.
6:48 of 1st period - Off-side.
6:49 of 1st period - Radim Vrbata wins face-off versus Drew Stafford in neutral zone.
6:52 of 1st period - Snap shot by Jiri Hudler.
6:52 of 1st period - Shot Hit the Post.
6:54 of 1st period - Slapshot by Francois Beauchemin.
6:54 of 1st period - Stopped by Jimmy Howard without a rebound.
6:55 of 1st period - Jiri Hudler wins face-off versus Drew Stafford in Devils zone.
7:09 of 1st period - Slapshot by Francois Beauchemin.
7:09 of 1st period - Shot Blocked by Grant Clitsome.
7:11 of 1st period - Slapshot by Francois Beauchemin.
7:11 of 1st period - Stopped by Jimmy Howard with a rebound.
7:13 of 1st period - Slapshot by Francois Beauchemin.
7:13 of 1st period - Stopped by Jimmy Howard with a rebound.
7:15 of 1st period - Snap shot by Francois Beauchemin.
7:15 of 1st period - Stopped by Jimmy Howard without a rebound.
7:16 of 1st period - Mike Fisher wins face-off versus Drew Stafford in Devils zone.
7:59 of 1st period - Aaron Ness is hit by Brent Seabrook and loses puck.
8:06 of 1st period - Tim Gleason is hit by Mikhail Grabovski and loses puck.
8:25 of 1st period - Grant Clitsome is hit by Francois Beauchemin and loses puck.
8:26 of 1st period - Penalty to Jason Akeson is over, Jason Akeson is back on ice.
8:47 of 1st period - Snap shot by Ville Leino.
8:47 of 1st period - Stopped by Brian Elliott with a rebound.
9:01 of 1st period - Wrist shot by Alex Tanguay.
9:01 of 1st period - Shot Misses the Net.
9:57 of 1st period - Off-side.
9:58 of 1st period - Stephen Gionta wins face-off versus Jay Beagle in neutral zone.
10:10 of 1st period - Wrist shot by Jay Beagle.
10:10 of 1st period - Stopped by Brian Elliott with a rebound.
11:12 of 1st period - Snap shot by Mike Fisher.
11:12 of 1st period - Shot Blocked by Adam Burish.
11:14 of 1st period - Snap shot by Loui Eriksson.
11:14 of 1st period - Shot Misses the Net.
11:16 of 1st period - Slapshot by Nate Prosser.
11:16 of 1st period - Shot Misses the Net.
11:18 of 1st period - Wrist shot by Mike Fisher.
11:18 of 1st period - Stopped by Jimmy Howard without a rebound.
11:19 of 1st period - Mike Fisher wins face-off versus Adam Burish in Devils zone.
12:02 of 1st period - Slapshot by Drew Stafford.
12:02 of 1st period - Shot Misses the Net.
12:06 of 1st period - Slapshot by Ryan Jones.
12:06 of 1st period - Stopped by Brian Elliott without a rebound.
12:07 of 1st period - Mark Arcobello wins face-off versus Jason Akeson in Hurricanes zone.
12:24 of 1st period - Wrist shot by Drew Stafford.
12:24 of 1st period - Stopped by Brian Elliott with a rebound.
12:26 of 1st period - Slapshot by Tim Gleason.
12:26 of 1st period - Shot Misses the Net.
12:28 of 1st period - Wrist shot by Mark Stuart.
12:28 of 1st period - Stopped by Brian Elliott with a rebound.
12:30 of 1st period - Slapshot by Ryan Jones.
12:30 of 1st period - Stopped by Brian Elliott with a rebound.
12:52 of 1st period - Slapshot by Kris Versteeg.
12:52 of 1st period - Shot Misses the Net.
12:54 of 1st period - Snap shot by Kris Versteeg.
12:54 of 1st period - Shot Blocked by Thomas Hickey.
12:59 of 1st period - Icing by Dainius Zubrus.
13:00 of 1st period - Patrik Berglund wins face-off versus Mark Arcobello in Hurricanes zone.
13:52 of 1st period - Minor Penalty to Nate Prosser for Tripping.
13:53 of 1st period - Stephen Gionta wins face-off versus Jason Akeson in Hurricanes zone.
14:40 of 1st period - Dainius Zubrus is hit by Jay Beagle.
14:48 of 1st period - Snap shot by Ville Leino.
14:48 of 1st period - Shot Misses the Net.
14:50 of 1st period - Slapshot by Brent Seabrook.
14:50 of 1st period - Shot Blocked by Mark Arcobello.
14:52 of 1st period - Snap shot by Patrik Berglund.
14:52 of 1st period - Shot Blocked by Francois Beauchemin.
14:54 of 1st period - Backhand shot by Brent Seabrook.
14:54 of 1st period - Shot Misses the Net.
14:56 of 1st period - Slapshot by Brent Seabrook.
14:56 of 1st period - Shot Blocked by Dan Girardi.
14:58 of 1st period - Slapshot by Brent Seabrook.
14:58 of 1st period - Shot Misses the Net.
15:00 of 1st period - Snap shot by Mark Stuart.
15:00 of 1st period - Shot Blocked by Dainius Zubrus.
15:02 of 1st period - Snap shot by Brent Seabrook.
15:02 of 1st period - Goal by Brent Seabrook - Hurricanes : 0 - Devils : 1.
15:03 of 1st period - Mikhail Grabovski wins face-off versus Adam Burish in neutral zone.
15:28 of 1st period - Wrist shot by Jiri Hudler.
15:28 of 1st period - Shot Blocked by Mark Stuart.
16:02 of 1st period - Slapshot by Loui Eriksson.
16:02 of 1st period - Stopped by Jimmy Howard with a rebound.
16:04 of 1st period - Slapshot by Dan Girardi.
16:04 of 1st period - Shot Blocked by Mark Stuart.
16:06 of 1st period - Wrist shot by Dan Girardi.
16:06 of 1st period - Shot Misses the Net.
16:18 of 1st period - Mark Stuart is hit by Aaron Ness and loses puck.
16:35 of 1st period - Double Minor Penalty to Stephen Gionta for Roughing.
16:36 of 1st period - Mike Fisher wins face-off versus Jason Akeson in Hurricanes zone.
16:52 of 1st period - Icing by Tim Gleason.
16:53 of 1st period - Jason Akeson wins face-off versus Mark Arcobello in Devils zone.
17:18 of 1st period - Slapshot by Drew Stafford.
17:18 of 1st period - Deflect By Mike Fisher.
17:18 of 1st period - Shot Misses the Net.
17:18 of 1st period - Puck is out of play.
17:19 of 1st period - Jay Beagle wins face-off versus Mike Fisher in Hurricanes zone.
17:22 of 1st period - Wrist shot by Ville Leino.
17:22 of 1st period - Shot Blocked by Nate Prosser.
17:24 of 1st period - Slapshot by Jay Beagle.
17:24 of 1st period - Stopped by Brian Elliott without a rebound.
17:25 of 1st period - Mike Fisher wins face-off versus Jay Beagle in Hurricanes zone.
17:35 of 1st period - Off-side.
17:36 of 1st period - Mark Arcobello wins face-off versus Jay Beagle in neutral zone.
17:53 of 1st period - Snap shot by Ville Leino.
17:53 of 1st period - Shot Blocked by Dan Girardi.
17:59 of 1st period - Patrik Berglund is hit by Dainius Zubrus and loses puck.
19:23 of 1st period - Ville Leino is hit by Francois Beauchemin.
19:27 of 1st period - Snap shot by Patrik Berglund.
19:27 of 1st period - Shot Blocked by Thomas Hickey.
Goals for this period are 0 for Hurricanes vs 1 for Devils.
Shots for this period are 9 for Hurricanes vs 10 for Devils.

2nd period


0:01 of 2nd period - Jason Akeson wins face-off versus Mark Arcobello in neutral zone.
0:24 of 2nd period - Snap shot by Ryan Jones.
0:24 of 2nd period - Shot Blocked by Thomas Hickey.
0:35 of 2nd period - Penalty to Stephen Gionta is over, Stephen Gionta is back on ice.
0:38 of 2nd period - Wrist shot by Drew Stafford.
0:38 of 2nd period - Stopped by Brian Elliott without a rebound.
0:39 of 2nd period - Patrik Berglund wins face-off versus Mikhail Grabovski in Hurricanes zone.
1:42 of 2nd period - Slapshot by Kris Versteeg.
1:42 of 2nd period - Stopped by Brian Elliott without a rebound.
1:43 of 2nd period - Mike Fisher wins face-off versus Jay Beagle in Hurricanes zone.
1:43 of 2nd period - Mike Fisher is hit by Jay Beagle.
2:51 of 2nd period - Slapshot by Ryan Jones.
2:51 of 2nd period - Shot Blocked by Francois Beauchemin.
2:53 of 2nd period - Slapshot by Tim Gleason.
2:53 of 2nd period - Deflect By Drew Stafford.
2:53 of 2nd period - Shot Blocked by Thomas Hickey.
2:53 of 2nd period - Puck is out of play.
2:54 of 2nd period - Adam Burish wins face-off versus Mikhail Grabovski in Hurricanes zone.
4:04 of 2nd period - Snap shot by Patrik Berglund.
4:04 of 2nd period - Shot Blocked by Peter Harrold.
4:06 of 2nd period - Snap shot by Martin Erat.
4:06 of 2nd period - Shot Misses the Net.
4:08 of 2nd period - Slapshot by Mark Stuart.
4:08 of 2nd period - Shot Blocked by Jiri Hudler.
4:36 of 2nd period - Snap shot by Marty Havlat.
4:36 of 2nd period - Shot Blocked by Mark Stuart.
5:04 of 2nd period - Marian Gaborik is hit by Ryan Jones and loses puck.
5:21 of 2nd period - Snap shot by Marian Gaborik.
5:21 of 2nd period - Shot Misses the Net.
5:23 of 2nd period - Snap shot by Loui Eriksson.
5:23 of 2nd period - Goal by Loui Eriksson - Hurricanes : 1 - Devils : 1.
5:24 of 2nd period - Stephen Gionta wins face-off versus Patrik Berglund in neutral zone.
5:41 of 2nd period - Slapshot by Viktor Stalberg.
5:41 of 2nd period - Stopped by Jimmy Howard with a rebound.
5:43 of 2nd period - Wrist shot by Dan Girardi.
5:43 of 2nd period - Stopped by Jimmy Howard with a rebound.
5:47 of 2nd period - Snap shot by Brian Flynn.
5:47 of 2nd period - Shot Blocked by Brent Seabrook.
5:57 of 2nd period - Patrik Berglund is hit by Brian Flynn and loses puck.
6:03 of 2nd period - Minor Penalty to Grant Clitsome for Holding.
6:04 of 2nd period - Mike Fisher wins face-off versus Drew Stafford in Devils zone.
6:24 of 2nd period - Wrist shot by Francois Beauchemin.
6:24 of 2nd period - Shot Hit the Post.
6:26 of 2nd period - Slapshot by Thomas Hickey.
6:26 of 2nd period - Stopped by Jimmy Howard without a rebound.
6:27 of 2nd period - Mikhail Grabovski wins face-off versus Drew Stafford in Devils zone.
6:30 of 2nd period - Wrist shot by Radim Vrbata.
6:30 of 2nd period - Shot Misses the Net.
6:32 of 2nd period - Slapshot by Dan Girardi.
6:32 of 2nd period - Stopped by Jimmy Howard with a rebound.
6:34 of 2nd period - Wrist shot by Dan Girardi.
6:34 of 2nd period - Shot Misses the Net.
6:36 of 2nd period - Slapshot by Dan Girardi.
6:36 of 2nd period - Shot Misses the Net.
6:40 of 2nd period - Snap shot by Jiri Hudler.
6:40 of 2nd period - Deflect By Radim Vrbata.
6:40 of 2nd period - Stopped by Jimmy Howard with a rebound.
6:48 of 2nd period - Wrist shot by Jiri Hudler.
6:48 of 2nd period - Goal by Jiri Hudler - Hurricanes : 2 - Devils : 1.
6:49 of 2nd period - Adam Burish wins face-off versus Mike Fisher in neutral zone.
6:52 of 2nd period - Wrist shot by Alex Tanguay.
6:52 of 2nd period - Stopped by Brian Elliott without a rebound.
6:53 of 2nd period - Mike Fisher wins face-off versus Adam Burish in Hurricanes zone.
7:02 of 2nd period - Snap shot by Marian Gaborik.
7:02 of 2nd period - Shot Misses the Net.
7:59 of 2nd period - Snap shot by Ryan Jones.
7:59 of 2nd period - Stopped by Brian Elliott with a rebound.
8:01 of 2nd period - Wrist shot by Drew Stafford.
8:01 of 2nd period - Shot Misses the Net.
8:03 of 2nd period - Slapshot by Mark Stuart.
8:03 of 2nd period - Shot Misses the Net.
8:43 of 2nd period - Snap shot by Patrik Berglund.
8:43 of 2nd period - Stopped by Brian Elliott with a rebound.
8:45 of 2nd period - Slapshot by Patrik Berglund.
8:45 of 2nd period - Stopped by Brian Elliott with a rebound.
8:47 of 2nd period - Slapshot by Mark Stuart.
8:47 of 2nd period - Stopped by Brian Elliott with a rebound.
9:12 of 2nd period - Chris Mueller is hit by Radim Vrbata and loses puck.
10:00 of 2nd period - Wrist shot by Marty Havlat.
10:00 of 2nd period - Shot Misses the Net.
10:34 of 2nd period - Snap shot by Viktor Stalberg.
10:34 of 2nd period - Shot Blocked by Matt Irwin.
10:36 of 2nd period - Slapshot by Nate Prosser.
10:36 of 2nd period - Stopped by Jimmy Howard without a rebound.
10:37 of 2nd period - Jason Akeson wins face-off versus Stephen Gionta in Devils zone.
10:54 of 2nd period - Wrist shot by Brian Flynn.
10:54 of 2nd period - Shot Misses the Net.
10:56 of 2nd period - Snap shot by Stephen Gionta.
10:56 of 2nd period - Shot Misses the Net.
11:03 of 2nd period - Minor Penalty to Mark Stuart for Cross-checking.
11:04 of 2nd period - Mikhail Grabovski wins face-off versus Drew Stafford in Devils zone.
13:03 of 2nd period - Penalty to Mark Stuart is over, Mark Stuart is back on ice.
13:26 of 2nd period - Loui Eriksson is hit by Grant Clitsome and loses puck.
13:41 of 2nd period - Nate Prosser is hit by Patrik Berglund and loses puck.
14:56 of 2nd period - Wrist shot by Chris Mueller.
14:56 of 2nd period - Shot Blocked by Nate Prosser.
14:58 of 2nd period - Snap shot by Chris Mueller.
14:58 of 2nd period - Stopped by Brian Elliott with a rebound.
15:00 of 2nd period - Snap shot by Chris Mueller.
15:00 of 2nd period - Deflect By Jay Beagle.
15:00 of 2nd period - Shot Misses the Net.
15:00 of 2nd period - Puck is out of play.
15:01 of 2nd period - Stephen Gionta wins face-off versus Kris Versteeg in Hurricanes zone.
15:06 of 2nd period - Matt Irwin is hit by Viktor Stalberg and loses puck.
15:35 of 2nd period - Wrist shot by Stephen Gionta.
15:35 of 2nd period - Shot Misses the Net.
15:37 of 2nd period - Slapshot by Viktor Stalberg.
15:37 of 2nd period - Stopped by Jimmy Howard without a rebound.
15:38 of 2nd period - Mikhail Grabovski wins face-off versus Patrik Berglund in Devils zone.
15:39 of 2nd period - Snap shot by Radim Vrbata.
15:39 of 2nd period - Shot Hit the Post.
15:41 of 2nd period - Slapshot by Thomas Hickey.
15:41 of 2nd period - Stopped by Jimmy Howard without a rebound.
15:42 of 2nd period - Patrik Berglund wins face-off versus Mikhail Grabovski in Devils zone.
15:42 of 2nd period - Patrik Berglund is hit by Jiri Hudler.
16:30 of 2nd period - Wrist shot by Stephen Gionta.
16:30 of 2nd period - Stopped by Jimmy Howard with a rebound.
17:09 of 2nd period - Snap shot by Mike Fisher.
17:09 of 2nd period - Deflect By Marian Gaborik.
17:09 of 2nd period - Shot Misses the Net.
17:09 of 2nd period - Puck is out of play.
17:10 of 2nd period - Mark Arcobello wins face-off versus Jason Akeson in Devils zone.
17:47 of 2nd period - Grant Clitsome is hit by Radim Vrbata and loses puck.
18:02 of 2nd period - Chris Mueller is hit by Nate Prosser and loses puck.
18:09 of 2nd period - Slapshot by Mark Stuart.
18:09 of 2nd period - Deflect By Kris Versteeg.
18:09 of 2nd period - Stopped by Brian Elliott with a rebound.
18:21 of 2nd period - Snap shot by Chris Mueller.
18:21 of 2nd period - Stopped by Brian Elliott with a rebound.
18:23 of 2nd period - Slapshot by Mark Stuart.
18:23 of 2nd period - Deflect By Jay Beagle.
18:23 of 2nd period - Shot Hit the Post.
18:23 of 2nd period - Puck is out of play.
18:24 of 2nd period - Mike Fisher wins face-off versus Adam Burish in Hurricanes zone.
18:24 of 2nd period - Mike Fisher is hit by Alex Tanguay.
18:40 of 2nd period - Snap shot by Marian Gaborik.
18:40 of 2nd period - Shot Misses the Net.
18:48 of 2nd period - Snap shot by Marian Gaborik.
18:48 of 2nd period - Shot Misses the Net.
18:56 of 2nd period - Ville Leino is hit by Mike Fisher and loses puck.
19:13 of 2nd period - Slapshot by Dan Girardi.
19:13 of 2nd period - Stopped by Jimmy Howard without a rebound.
19:14 of 2nd period - Patrik Berglund wins face-off versus Stephen Gionta in Devils zone.
19:14 of 2nd period - Patrik Berglund is hit by Viktor Stalberg.
19:36 of 2nd period - Snap shot by Stephen Gionta.
19:36 of 2nd period - Stopped by Jimmy Howard without a rebound.
19:37 of 2nd period - Mark Arcobello wins face-off versus Jason Akeson in Devils zone.
19:50 of 2nd period - Wrist shot by Marty Havlat.
19:50 of 2nd period - Stopped by Jimmy Howard with a rebound.
19:52 of 2nd period - Slapshot by Francois Beauchemin.
19:52 of 2nd period - Shot Misses the Net.
19:54 of 2nd period - Slapshot by Francois Beauchemin.
19:54 of 2nd period - Shot Blocked by Drew Stafford.
19:56 of 2nd period - Wrist shot by Mark Arcobello.
19:56 of 2nd period - Shot Blocked by Drew Stafford.
19:58 of 2nd period - Slapshot by Thomas Hickey.
19:58 of 2nd period - Deflect By Marty Havlat.
19:58 of 2nd period - Shot Misses the Net.
19:58 of 2nd period - Puck is out of play.
19:59 of 2nd period - Mikhail Grabovski wins face-off versus Jay Beagle in Devils zone.
Goals for this period are 2 for Hurricanes vs 0 for Devils.
Shots for this period are 14 for Hurricanes vs 10 for Devils.

3rd period


0:01 of 3rd period - Mikhail Grabovski wins face-off versus Jason Akeson in neutral zone.
0:04 of 3rd period - Mark Stuart is hit by Dan Girardi and loses puck.
0:17 of 3rd period - Drew Stafford is hit by Mikhail Grabovski and loses puck.
0:32 of 3rd period - Wrist shot by Drew Stafford.
0:32 of 3rd period - Shot Blocked by Aaron Ness.
0:34 of 3rd period - Snap shot by Jason Akeson.
0:34 of 3rd period - Shot Misses the Net.
0:38 of 3rd period - Snap shot by Ryan Jones.
0:38 of 3rd period - Shot Blocked by Radim Vrbata.
0:44 of 3rd period - Minor Penalty to Aaron Ness for Roughing.
0:45 of 3rd period - Mark Arcobello wins face-off versus Jay Beagle in Hurricanes zone.
1:42 of 3rd period - Slapshot by Brent Seabrook.
1:42 of 3rd period - Shot Misses the Net.
2:17 of 3rd period - Thomas Hickey is hit by Jay Beagle and loses puck.
2:44 of 3rd period - Penalty to Aaron Ness is over, Aaron Ness is back on ice.
3:20 of 3rd period - Nate Prosser is hit by Adam Burish and loses puck.
3:54 of 3rd period - Snap shot by Jay Beagle.
3:54 of 3rd period - Stopped by Brian Elliott with a rebound.
4:13 of 3rd period - Grant Clitsome is hit by Mike Fisher and loses puck.
4:26 of 3rd period - Stephen Gionta is hit by Jamie McGinn and loses puck.
4:33 of 3rd period - Grant Clitsome is hit by Stephen Gionta and loses puck.
6:34 of 3rd period - Wrist shot by Ryan Jones.
6:34 of 3rd period - Deflect By Drew Stafford.
6:34 of 3rd period - Shot Blocked by Aaron Ness.
6:34 of 3rd period - Puck is out of play.
6:35 of 3rd period - Jason Akeson wins face-off versus Stephen Gionta in Hurricanes zone.
6:56 of 3rd period - Alex Tanguay is hit by Stephen Gionta and loses puck.
7:19 of 3rd period - Nate Prosser is hit by Chris Mueller.
7:29 of 3rd period - Tim Gleason is hit by Peter Harrold.
7:33 of 3rd period - Tim Gleason is hit by Jiri Hudler and loses puck.
8:32 of 3rd period - Wrist shot by Mike Fisher.
8:32 of 3rd period - Shot Misses the Net.
9:08 of 3rd period - Brent Seabrook is hit by Aaron Ness and loses puck.
9:25 of 3rd period - Brent Seabrook is hit by Aaron Ness and loses puck.
10:27 of 3rd period - Wrist shot by Alex Tanguay.
10:27 of 3rd period - Stopped by Brian Elliott with a rebound.
11:16 of 3rd period - Nate Prosser is hit by Matt Irwin.
11:32 of 3rd period - Snap shot by Ville Leino.
11:32 of 3rd period - Shot Misses the Net.
12:08 of 3rd period - Tim Gleason is hit by Viktor Stalberg and loses puck.
12:20 of 3rd period - Icing by David Warsofsky.
12:21 of 3rd period - Jay Beagle wins face-off versus Mikhail Grabovski in Devils zone.
12:34 of 3rd period - Snap shot by Radim Vrbata.
12:34 of 3rd period - Shot Misses the Net.
12:36 of 3rd period - Wrist shot by Dan Girardi.
12:36 of 3rd period - Shot Misses the Net.
12:38 of 3rd period - Slapshot by Radim Vrbata.
12:38 of 3rd period - Shot Misses the Net.
12:40 of 3rd period - Snap shot by Francois Beauchemin.
12:40 of 3rd period - Stopped by Jimmy Howard without a rebound.
12:41 of 3rd period - Jason Akeson wins face-off versus Mark Arcobello in Devils zone.
12:52 of 3rd period - Wrist shot by Ryan Jones.
12:52 of 3rd period - Stopped by Brian Elliott with a rebound.
12:54 of 3rd period - Slapshot by Matt Irwin.
12:54 of 3rd period - Stopped by Brian Elliott without a rebound.
12:55 of 3rd period - Jason Akeson wins face-off versus Mark Arcobello in Hurricanes zone.
14:21 of 3rd period - Mikhail Grabovski is hit by Alex Tanguay and loses puck.
14:41 of 3rd period - Radim Vrbata is hit by Adam Burish and loses puck.
15:02 of 3rd period - Mark Stuart is hit by Radim Vrbata and loses puck.
15:19 of 3rd period - Wrist shot by Ryan Jones.
15:19 of 3rd period - Stopped by Brian Elliott with a rebound.
15:40 of 3rd period - Thomas Hickey is hit by Chris Mueller.
17:20 of 3rd period - Ville Leino is hit by Mike Fisher and loses puck.
17:41 of 3rd period - Wrist shot by Marian Gaborik.
17:41 of 3rd period - Shot Misses the Net.
18:53 of 3rd period - Slapshot by Aaron Ness.
18:53 of 3rd period - Shot Misses the Net.
19:19 of 3rd period - Devils, Jimmy Howard is pulled from the net.
19:21 of 3rd period - Wrist shot by Martin Erat.
19:21 of 3rd period - Shot Misses the Net.
19:27 of 3rd period - Snap shot by Martin Erat.
19:27 of 3rd period - Stopped by Brian Elliott without a rebound.
19:28 of 3rd period - Jack Capuano call a timeout for Devils.
19:28 of 3rd period - Stephen Gionta wins face-off versus Jason Akeson in Hurricanes zone.
19:35 of 3rd period - Snap shot by Dainius Zubrus.
19:35 of 3rd period - Deflect By Stephen Gionta.
19:35 of 3rd period - Goal by Stephen Gionta - Hurricanes : 3 - Devils : 1.
19:35 of 3rd period - Jimmy Howard from Devils was sent back in the game.
19:36 of 3rd period - Mikhail Grabovski wins face-off versus Patrik Berglund in neutral zone.
19:44 of 3rd period - Minor Penalty to Mark Stuart for Hooking.
19:45 of 3rd period - Drew Stafford wins face-off versus Mike Fisher in Devils zone.
Goals for this period are 1 for Hurricanes vs 0 for Devils.
Shots for this period are 2 for Hurricanes vs 6 for Devils.


Output by the SimonT Hockey Simulator (STHS) for Eric Dolegowski -- Original Page W3C XHTML 1.0 Valid
Hockey Simulator - Hockey Simulation - Hockey Manager